 Dungeon Crawl Stone Soup version 0.32-a0-705-g60f233581c (webtiles) character file.

Game seed: 1012435537161621814

87 BeKind the Trooper (level 4, 0/33 HPs)
             Began as an Octopode Fighter on Mar 14, 2024.
             Incinerated by a bombardier beetle (6 damage)
             ... with a burning spray
             ... on level 3 of the Dungeon.
             The game lasted 00:01:37 (1766 turns).

BeKind the Trooper (Octopode Fighter)               Turns: 1766, Time: 00:01:38

Health: 0/33       AC:  1    Str: 17    XL:     4   Next: 51%
Magic:  4/4        EV: 12    Int: 10    God:
Gold:   121        SH:  4    Dex: 11    Spells: 3/3 levels left

rFire   . . .        a - +0 trident
rCold   . . .        b - +0 buckler
rNeg    + . .        (helmet restricted)
rPois   .            (no amulet)
rElec   .            n - ring of see invisible
rCorr   .            i - ring of positive energy
SInv    +            (no ring)
Will    .....        (no ring)
Stlth   +            (no ring)
HPRegen 0.25/turn    (no ring)
MPRegen 0.09/turn    (no ring)
                     (no ring)

%: no passive effects
@: on fire, glowing
A: almost no armour, amphibious, 8 rings, camouflage 1, gelatinous body 1,
(nimble swimmer 1), tentacles
a: no special abilities


You were on level 3 of the Dungeon.
You visited 1 branch of the dungeon, and saw 3 of its levels.

You collected 121 gold pieces.

Inventory:

Hand Weapons
 a - a +0 trident (weapon)
 o - a +0 sling
Armour
 b - a +0 buckler (worn)
Jewellery
 i - a ring of positive energy (right tentacle)
 n - a ring of see invisible (left tentacle)
Scrolls
 h - a scroll of noise {unknown}
 j - a scroll of teleportation {unknown}
 k - a scroll of fog {unknown}
 q - a scroll of brand weapon {unknown}
 r - a scroll of identify {unknown}
Potions
 c - a potion of might
 d - 2 potions of curing {unknown}
 e - 2 potions of lignification {unknown}
 f - a potion of heal wounds {unknown}
 g - a potion of brilliance {unknown}
 l - a potion of berserk rage {unknown}
 m - a potion of cancellation {unknown}
 p - a potion of mutation {unknown}


   Skills:
 + Level 3.6 Fighting
 + Level 2.7 Polearms
 + Level 0.0 Ranged Weapons
 + Level 3.6 Dodging
 + Level 3.6 Shields


You had 3 spell levels left.
You didn't know any spells.
Your spell library was empty.

Dungeon Overview and Level Annotations

Branches:
Dungeon (3/15)

Altars:


Innate Abilities, Weirdness & Mutations

You cannot wear most types of armour.
You are amphibious.
You can wear up to eight rings at the same time.
Your skin changes colour to match your surroundings (Stealth+).
Your rubbery body absorbs attacks. (AC +1, EV +1)
((You are camouflaged when in or above water. (Stealth+)))
You have tentacles for arms and can constrict up to eight enemies at once.


Message History

The bombardier beetle is lightly wounded.
The liquid fire burns you!
You reach to attack!
You hit the bombardier beetle but do no damage.
The bombardier beetle is lightly wounded.
The liquid fire burns you!
You are on fire!
You hit the bombardier beetle. You grab the bombardier beetle.
The bombardier beetle is moderately wounded.
The liquid fire burns you!
You constrict the bombardier beetle.
The bombardier beetle sprays incendiary fluid at you.
The burning spray hits you.
You are even more covered in liquid fire!
You don't know any spells.
Sorry, you're not good enough to have a special ability.
You release your grip on the bombardier beetle.
You shake off some of the fire as you move.
The liquid fire burns you!
You shake off some of the fire as you move.
The liquid fire burns you!
* * * LOW HITPOINT WARNING * * *
Reach: a) +0 trident
Press: ? - help, Dir - move target, f/p - bombardier beetle
Aim: a bombardier beetle (heavily wounded, about 32% to evade your +0 trident)
You reach to attack!
You hit the bombardier beetle.
The bombardier beetle is severely wounded.
The liquid fire burns you!
* * * LOW HITPOINT WARNING * * *
The endoplasm quivers.
The dart slug briefly extends its eye-stalks.
The bombardier beetle sprays incendiary fluid at you.
The burning spray misses you.
Reach: a) +0 trident
Press: ? - help, Dir - move target, f/p - bombardier beetle
Aim: a bombardier beetle (severely wounded, about 32% to evade your +0 trident)
You reach to attack!
You closely miss the bombardier beetle.
The bombardier beetle is severely wounded.
The liquid fire burns you!
You die...

#.# #####. #.#
......# ##.##
#w....## #...#####
#......####..#.##.#
#......##......##.#
##......##.#..####.#
...J....##.#..####.#
#######@..........<#
#$......##.#########
#[#####B##.# #.##.#
.....# ##.#### #.#
..# ###


You could see a bombardier beetle, a dart slug and an endoplasm.

Vanquished Creatures
  3 adders (D:2)
  A dart slug (D:2)
  5 endoplasms
  2 giant cockroaches (D:2)
  6 goblins
  6 hobgoblins
  3 quokkas
  5 ball pythons
  10 bats
  6 frilled lizards
  5 kobolds
  6 rats
58 creatures vanquished.

Notes
Turn   | Place    | Note
-------+----------+-------------------------------------------
     0 | D:1      | BeKind the Octopode Fighter began the quest for the Orb.
     0 | D:1      | Reached XP level 1. HP: 16/16 MP: 1/1
    87 | D:1      | Reached XP level 2. HP: 21/21 MP: 2/2
   532 | D:1      | Reached XP level 3. HP: 26/26 MP: 3/3
   998 | D:2      | Found a faded altar of an unknown god.
  1014 | D:2      | Reached XP level 4. HP: 17/31 MP: 4/4
  1766 | D:3      | Incinerated by a bombardier beetle

Illustrated notes

Levels and vault maps discovered:
D:1:      zaba_arrival_water, layout_basic, nicolae_figureground_sparkle
D:2:      layout_loops_ring, hellmonk_ecumenical_altar_arch_garden,
          minmay_small_reverse_x
D:3:      layout_loops_cross, grunt_temple_overflow_cloverleaf,
          chequers_temple_overflow_statue_of_worship

Action                     |  1- 3 |  4- 6 || total
---------------------------+-------+-------++-------
  Melee: Trident           |    64 |    35 ||    99
         Constrict         |    15 |     3 ||    18
         Tentacles         |    10 |     1 ||    11
   Stab: Sleeping          |     5 |    12 ||    17
 Armour: Skin              |    24 |     6 ||    30
  Dodge: Dodged            |    24 |     6 ||    30
  Block: Buckler           |     7 |     3 ||    10

Table legend: (Time is in decaauts)
 A = Elapsed time spent in this place.
 B = Non-inter-level travel time spent in this place.
 C = Inter-level travel time spent in this place.
 D = Time resting spent in this place.
 E = Time spent auto-exploring this place.
 F = Levels seen in this place.
 G = Mean time per level.
                   A        B        C        D        E       F      G
               +--------+--------+--------+--------+--------+-----+--------+
         Total |   1785 |   1538 |    247 |      0 |   1259 |   3 |  595.0 |
       Dungeon |   1785 |   1538 |    247 |      0 |   1259 |   3 |  595.0 |
               +--------+--------+--------+--------+--------+-----+--------+

Top non-repeatable levels by time:
     D:1: 971 daAuts
     D:2: 788 daAuts
     D:3: 25 daAuts
